 Dungeon Crawl Stone Soup version 0.31-a0-1096-g246cf0196b (webtiles) character file.

Game seed: 3804515758949498875

23 Dirtsage the Changeling (level 3, -3/23 HPs)
             Began as an Octopode Shapeshifter on Nov 29, 2023.
             Slain by a gnoll
             ... wielding a +0 spear
              (6 damage)
             ... on level 1 of the Dungeon.
             The game lasted 00:01:06 (968 turns).

Dirtsage the Changeling (Octopode Shapeshifter)      Turns: 968, Time: 00:01:07

Health: -3/23      AC:  1    Str: 15    XL:     3   Next: 0%
Magic:  3/3        EV: 13    Int: 12    God:
Gold:   30         SH:  0    Dex: 11    Spells: 2/2 levels left

rFire   . .          .
                       - Unarmed
rCold   . . .        (no shield)
rNeg    . . .        (helmet currently unavailable)
rPois   .            (no amulet)
rElec   .            (no ring)
rCorr   .            (no ring)
SInv    .            (no ring)
Will    .....        (no ring)
Stlth   ++           (no ring)
HPRegen 0.23/turn    (no ring)
MPRegen 0.08/turn    (no ring)
                     (no ring)

%: no passive effects
@: beast-form
A: beast (slay +2), almost no armour, amphibious, 8 rings, camouflage 1,
gelatinous body 1, (nimble swimmer 1), tentacles
a: Begin Untransformation


You were on level 1 of the Dungeon.
You were a hulking beast.
You visited 1 branch of the dungeon, and saw 2 of its levels.

You collected 30 gold pieces.

Inventory:

Talismans
 b - a beast talisman
 c - a flux talisman
Scrolls
 d - a scroll of butterflies {unknown}
 e - a scroll of brand weapon {unknown}
 f - a scroll of vulnerability {unknown}
Potions
 a - a potion of lignification
 g - a potion of haste {unknown}
 h - a potion of might {unknown}


   Skills:
 + Level 1.5 Fighting
 - Level 2.0 Dodging
 + Level 3.2 Unarmed Combat
 * Level 3.5 Shapeshifting


You had 2 spell levels left.
You didn't know any spells.
Your spell library was empty.

Dungeon Overview and Level Annotations

Branches:
Dungeon (2/15)

Altars:

Annotations:
D:1 1 transporter


Innate Abilities, Weirdness & Mutations

You are a hulking beast.
Your limbs bulge with bestial killing power. (Slay +2)
You cannot wear most types of armour.
You are amphibious.
You can wear up to eight rings at the same time.
Your skin changes colour to match your surroundings (Stealth+).
Your rubbery body absorbs attacks. (AC +1, EV +1)
((You are camouflaged when in or above water. (Stealth+)))
You have tentacles for arms and can constrict up to eight enemies at once.


Message History

The gnoll shouts!
You hear a shout! x2
A gnoll comes into view.
It is wielding a +0 spear and quivering a throwing net.
The gnoll throws a throwing net.
The throwing net hits you.
You become entangled in the net!
You see here a throwing net.
You tear a large gash into the net.
You struggle against the net.
The gnoll hits you from afar with a +0 spear.
You take 4 damage, and have 19/23 hp.
You rip the net and break free!
The gnoll hits you from afar with a +0 spear.
You take 3 damage, and have 16/23 hp.
The gnoll attacks as it pursues you! The gnoll completely misses you.
The gnoll attacks as it pursues you! The gnoll closely misses you.
You see here a +0 leather armour.
The gnoll barely misses you.
You see here a ball python corpse.
There is a stone staircase leading up here.
The gnoll hits you with a +0 spear.
There is a stone staircase leading up here.
You take 5 damage, and have 14/23 hp.
MASSIVE DAMAGE!!
The gnoll hits you from afar with a +0 spear.
The gnoll hits you with a +0 spear.
You climb upwards.
Level annotation: 1 transporter
There is a stone staircase leading down here.
You take 6 damage, and have 8/23 hp.
MASSIVE DAMAGE!!
You tentacle-slap the gnoll. Your grab misses the gnoll.
The gnoll is heavily wounded.
The gnoll hits you with a +0 spear.
* * * LOW HITPOINT WARNING * * *
You take 6 damage, and have 2/23 hp.
MASSIVE DAMAGE!!
You closely miss the gnoll. You grab the gnoll.
The gnoll is heavily wounded.
You constrict the gnoll, but do no damage.
The gnoll misses you.
You tentacle-slap the gnoll.
The gnoll is severely wounded.
You constrict the gnoll. The gnoll hits you with a +0 spear.
You die...

#.#......# ### #.# ##...##.#.
#.......## #.# ######.#.
####.#### ##'## #.#. #####.####
##...## #.#. #........#
##.....## ##... #.###.#..#
##.......## ##.##.
#........####.........####...#.
#.###.......'.........'........
#.# #....####gh.......####...#.
#.# #....# ##.......## ##.##.
#.###..#.# ##.....## ####.
#........# ##...## #.
#......### ##'## #. #####.##
#.# #. #.# #.######### #. ##.##
##.........# #.
#...#########...######.# #.


You could see a gnoll.

Vanquished Creatures
  2 dart slugs
  3 ball pythons
  A bat (D:1)
  An endoplasm (D:1)
  A giant cockroach (D:1)
  2 hobgoblins (D:1)
  A quokka (D:1)
  4 frilled lizards (D:1)
  A kobold (D:1)
  4 rats (D:1)
20 creatures vanquished.

Notes
Turn   | Place    | Note
-------+----------+-------------------------------------------
     0 | D:1      | Dirtsage the Octopode Shapeshifter began the quest for the
                  | Orb.
     0 | D:1      | Reached XP level 1. HP: 13/13 MP: 1/1
   108 | D:1      | Reached XP level 2. HP: 9/18 MP: 2/2
   932 | D:2      | Reached XP level 3. HP: 23/23 MP: 3/3
   968 | D:1      | Slain by a gnoll

Illustrated notes

Levels and vault maps discovered:
D:1:      spicycebolla_arrival_risky_transporter, layout_loops_corners,
          serial_bayou_ford_a
D:2:      minmay_skewed_foursquare, layout_loops_cross,
          chequers_serial_rivers_micro_b, grunt_ministairs_2,
          minmay_misc_feat_hallway, uniq_jessica

Action                     || total
---------------------------++-------
  Melee: Unarmed           ||    37
         Constrict         ||     9
         Tentacles         ||     4
   Stab: Sleeping          ||     6
 Armour: Skin              ||    15
  Dodge: Dodged            ||    24

Table legend: (Time is in decaauts)
 A = Elapsed time spent in this place.
 B = Non-inter-level travel time spent in this place.
 C = Inter-level travel time spent in this place.
 D = Time resting spent in this place.
 E = Time spent auto-exploring this place.
 F = Levels seen in this place.
 G = Mean time per level.
                   A        B        C        D        E       F      G
               +--------+--------+--------+--------+--------+-----+--------+
         Total |    966 |    954 |     12 |      0 |    825 |   2 |  483.0 |
       Dungeon |    966 |    954 |     12 |      0 |    825 |   2 |  483.0 |
               +--------+--------+--------+--------+--------+-----+--------+

Top non-repeatable levels by time:
     D:1: 916 daAuts
     D:2: 49 daAuts
